 Dungeon Crawl Stone Soup version 0.31-a0-818-ge7c7cf74f0 (webtiles) character file.

Game seed: 14212426866127663162

1476 greenreed the Trooper (level 8, -3/53 HPs)
             Began as a Gargoyle Monk on Sept 22, 2023.
             Was a Believer of Nemelex Xobeh.
             Slain by an orc warrior
             ... wielding a +0 battleaxe
              (9 damage)
             ... on level 6 of the Dungeon.
             The game lasted 00:17:12 (5720 turns).

greenreed the Trooper (Gargoyle Monk)               Turns: 5720, Time: 00:17:13

Health: -3/53      AC: 16    Str: 17    XL:     8   Next: 78%
Magic:  10/10      EV:  8    Int: 11    God:    Nemelex Xobeh [**....]
Gold:   263        SH:  0    Dex: 12    Spells: 7/7 levels left

rFire   . . .        a - +0 mace
rCold   . . .        (no shield)
rNeg    + . .        i - +0 chain mail
rPois   ∞            (no helmet)
rElec   +            (no cloak)
rCorr   .            (no gloves)
SInv    .            p - +0 pair of boots
Will    .....        (no amulet) Stlth
                     (no ring)
HPRegen 0.28/turn    (no ring)
MPRegen 0.12/turn

%: no passive effects
@: no status effects
A: sickness immunity, AC +5, negative energy resistance 1, electricity
resistance, torment resistance 1, petrification resistance
a: Renounce Religion, Draw Escape, Draw Destruction, Draw Summoning


You were on level 6 of the Dungeon.
You worshipped Nemelex Xobeh.
Nemelex Xobeh was pleased with you.
You visited 2 branches of the dungeon, and saw 8 of its levels.
You also visited: Sewer.

You collected 285 gold pieces.
You spent 22 gold pieces at shops.

Inventory:

Hand Weapons
 a - a +0 mace (weapon)
 t - a +2 antimagic sling
Missiles
 f - 18 poisoned darts
Armour
 d - an orb of light
 i - a +0 chain mail (worn)
 p - a +0 pair of boots (worn)
 F - a +1 helmet of see invisible
Jewellery
 m - a ring of ice
Talismans
 r - a maw talisman
Wands
 n - a wand of roots (5)
 u - a wand of paralysis (23)
 v - a wand of polymorph (9)
Scrolls
 b - a scroll of acquirement {unknown}
 h - 3 scrolls of enchant armour
 j - 2 scrolls of fog
 o - 2 scrolls of fear
 q - a scroll of noise {unknown}
 w - 3 scrolls of teleportation
 B - a scroll of silence {unknown}
 C - a scroll of blinking {unknown}
 D - a scroll of enchant weapon {unknown}
 E - a scroll of immolation {unknown}
Potions
 c - a potion of heal wounds {unknown}
 e - a potion of mutation {unknown}
 g - 3 potions of haste
 k - 2 potions of enlightenment
 l - 2 potions of berserk rage
 s - a potion of might
 x - 2 potions of resistance {unknown}
 z - a potion of lignification {unknown}
 A - 2 potions of curing {unknown}
 G - a potion of brilliance {unknown}


   Skills:
 * Level 7.4 Fighting
 * Level 6.8 Maces & Flails
 + Level 4.1 Armour
 - Level 3.8 Dodging
 + Level 2.7 Invocations


You had 7 spell levels left.
You didn't know any spells.
Your spell library contained the following spells:

 Spells                   Type           Power      Damage    Failure   Level
 Apportation              Tloc           0%         N/A       98%         1
 Jinxbite                 Hex            0%         N/A       99%         2
 Inner Flame              Hex/Fire       0%         N/A       100%        3
 Flame Wave               Conj/Fire      0%         2d4       100%        4
 Sticky Flame             Conj/Fire      0%         2d3       100%        4
 Alistair's Intoxication  Tmut/Pois      0%         N/A       100%        5


Dungeon Overview and Level Annotations

Branches:
Dungeon (7/15)             Temple (1/1) D:5           Sewer (visited)

Altars:
Cheibriados
Dithmenos
Fedhas
Gozag
Hepliaklqana
Kikubaaqudgha
Makhleb
Nemelex Xobeh
Ru
Sif Muna
Uskayaw
Xom
Yredelemnul
Zin
The Shining One
Lugonu

Shops:
D:2 *   D:3 ?   D:6 (

Portals:
Abyss: D:4

Annotations:
D:2 1 runed translucent door, Crazy Yiuf
D:4 2 runed translucent doors


Innate Abilities, Weirdness & Mutations

You are immune to sickness and miasma.
Your stone body is resilient. (AC +5)
You are immune to poison.
You resist negative energy. (rN+)
You are resistant to electric shocks. (rElec)
You are resistant to unholy torment.
You are immune to petrification.


Message History

You barely miss the orc warrior.
The orc warrior is severely wounded.
The orc warrior barely misses you.
The orc warrior hits you but does no damage.
You barely miss the orc warrior.
The orc warrior is severely wounded.
The orc warrior hits you with a +0 battleaxe.
* * * LOW HITPOINT WARNING * * *
You hit the orc warrior but do no damage.
The orc warrior is severely wounded.
The orc warrior hits you with a +0 battleaxe.
* * * LOW HITPOINT WARNING * * *
You hit the orc warrior.
The orc warrior is severely wounded.
The orc warrior hits you with a +0 battleaxe.
* * * LOW HITPOINT WARNING * * *
You hit the orc warrior.
The orc warrior is almost dead.
The orc warrior hits you but does no damage.
You hit the orc warrior but do no damage.
The orc warrior is almost dead.
The orc warrior seems less drained.
The orc warrior hits you with a +0 battleaxe.
* * * LOW HITPOINT WARNING * * *
You hit the orc warrior.
The orc warrior is almost dead.
The orc warrior closely misses you.
Okay, then.
Unknown command.
Okay, then.
Unknown command.
You hit the orc warrior but do no damage.
The orc warrior is almost dead.
The orc warrior hits you with a +0 battleaxe.
* * * LOW HITPOINT WARNING * * *
You hit the orc warrior but do no damage.
The orc warrior is almost dead.
The orc warrior hits you with a +0 battleaxe!
You die...
Your body glows slightly and disappears.

..#.###..####.♣.♣♣♣.♣..#..#### #
.......#.....................# #
..##..>##.....♣♣♣♣♣♣♣.##.###.# ##
...#..................##...#.###.
..∩..........#.###....####....##.
...............###....######.....
....)............................
................##..........####.
...##...........@o>....#######...
..###...........##.............#.
................##.....#########.
..#####.......#....###.## #.
..####.........#..####..# ##
..##.................##.#
####.#...............##.# ####
##...#.........#.....##.## #...
...#...........#.........# ###...


You could see an orc warrior.

Vanquished Creatures
  Joseph (D:7)
  A shadow (D:5)
  A steam dragon (D:6)
  2 water moccasins
  A centaur (D:7)
  A bullfrog (D:6)
  A scorpion (D:6)
  A sleepcap (D:5)
  4 hounds
  4 iguanas
  2 orc wizards (D:4)
  3 gnolls (D:4)
  7 adders
  A white imp (D:6)
  A worm (D:4)
  6 dart slugs
  8 orcs
  8 ball pythons
  3 endoplasms
  3 giant cockroaches
  4 goblins
  5 hobgoblins
  4 jackals
  4 kobolds
  2 quokkas
  5 bats
  9 frilled lizards
  5 rats
97 creatures vanquished.

Notes
Turn   | Place    | Note
-------+----------+-------------------------------------------
     0 | D:1      | greenreed the Gargoyle Monk began the quest for the Orb.
     0 | D:1      | Reached XP level 1. HP: 14/14 MP: 1/1
   278 | D:1      | Reached XP level 2. HP: 19/19 MP: 2/2
  1041 | D:2      | Reached XP level 3. HP: 24/24 MP: 3/3
  1164 | D:2      | Found Mor Gop's General Store.
  1229 | D:2      | Found a runed translucent door.
  1230 | D:2      | Noticed Crazy Yiuf
  1428 | D:3      | Found a hazy altar of Hepliaklqana.
  1440 | D:3      | Reached skill level 4 in Fighting
  1724 | D:3      | Found Qoad's Magic Scroll Shop.
  1732 | D:3      | Bought a scroll of identify for 22 gold pieces
  1763 | D:3      | Found a shadowy altar of Dithmenos.
  1817 | D:3      | Reached XP level 4. HP: 26/29 MP: 4/4
  2006 | D:3      | Found a blossoming altar of Fedhas.
  2298 | D:4      | Reached skill level 1 in Armour
  2315 | D:4      | Reached XP level 5. HP: 27/34 MP: 5/5
  2418 | D:4      | Found a one-way gate to the infinite horrors of the Abyss.
  2470 | D:4      | Found a hide-covered altar of Uskayaw.
  2470 | D:4      | Noticed a +3 hand axe
  2470 | D:4      | Noticed a +0 hand axe
  2649 | D:4      | Found a large runed translucent door.
  2650 | D:4      | Found a large runed translucent door.
  2650 | D:4      | Found a corrupted altar of Lugonu.
  2718 | D:3      | HP: 1/34 [iguana (8)]
  2942 | D:4      | Found a glowing drain.
  2952 | Sewer    | Entered a sewer
  2961 | Sewer    | Reached XP level 6. HP: 40/40 MP: 6/6
  3010 | Sewer    | Noticed a water moccasin
  3026 | Sewer    | Killed a water moccasin
  3027 | Sewer    | Reached skill level 5 in Fighting
  3268 | D:4      | Found a shimmering blue altar of Sif Muna.
  3718 | D:5      | Entered Level 5 of the Dungeon
  3833 | D:5      | Reached skill level 5 in Maces & Flails
  4032 | D:5      | Found a staircase to the Ecumenical Temple.
  4044 | Temple   | Entered the Ecumenical Temple
  4061 | Temple   | Became a worshipper of Nemelex Xobeh the Trickster
  4061 | Temple   | Reached * piety under Nemelex Xobeh
  4061 | Temple   | Received a gift from Nemelex Xobeh
  4061 | Temple   | Reached ** piety under Nemelex Xobeh
  4155 | D:5      | Reached XP level 7. HP: 43/44 MP: 7/7
  4392 | D:6      | Noticed a shadow
  4413 | D:5      | Killed a shadow
  4414 | D:5      | Reached skill level 6 in Fighting
  4503 | D:6      | Noticed a steam dragon
  4653 | D:6      | Killed a steam dragon
  4661 | D:6      | Reached skill level 1 in Invocations
  4714 | D:6      | Reached XP level 8. HP: 30/52 MP: 8/8
  4900 | D:6      | Found Moapilis's Antique Weapon Shop.
  5412 | D:6      | Found a shimmering altar of Xom.
  5565 | D:7      | Noticed Joseph
  5579 | D:7      | Killed Joseph
  5580 | D:7      | Reached skill level 7 in Fighting
  5720 | D:6      | Slain by an orc warrior

Illustrated notes

Levels and vault maps discovered:
D:1:      sevenhm_arrival_forest_fort_large_4, layout_basic, patterned_corridor
D:2:      layout_rooms, serial_shops, shop, uniq_crazy_yiuf_cottage
D:3:      layout_loops_cross, nicolae_hepliaklqana_hazy_memory,
          nicolae_dithmenos_shadow_blocks, fedhas_altar_fruit_tree,
          serial_shops, nicolae_shop_statue_plus
D:4:      due_chaos_kobolds, layout_basic, dancing_weapons_uskayaw,
          lemuel_blue_sif_altar, portal_sewer_entry_b
D:5:      layout_loops_cross, minmay_temple_entry_junction_2
D:6:      layout_rooms, mainiacjoe_overflow_cross_hatched, serial_shops, shop
D:7:      layout_cave_pools, lemuel_tele_altar, ashenzari_conservatory_becter,
          enter_bailey_5, the_hattery, uniq_duvessa, uniq_joseph
Temple:   jpeg_temple_island

Skill      XL: |  1  2  3  4  5  6  7  8 |
---------------+-------------------------+-----
Fighting       | 4 5 6 7 |  7.4
Maces & Flails | 4 5 6 |  6.8
Armour         | 1 2 3 4 |  4.1
Dodging        | 3 |  3.8
Invocations    | 1 2 |  2.7

Action                     |  1- 3 |  4- 6 |  7- 9 || total
---------------------------+-------+-------+-------++-------
  Melee: Mace              |   130 |   216 |   193 ||   539
         Punch             |     1 |     2 |       ||     3
 Invoke: Draw Destruction  |       |       |     5 ||     5
    Use: Scroll            |     5 |     3 |     2 ||    10
         Potion            |       |     1 |     1 ||     2
 Armour: Robe              |    19 |       |       ||    19
         Chain mail        |    91 |   215 |   226 ||   532
  Dodge: Dodged            |    62 |   115 |    80 ||   257

Table legend: (Time is in decaauts)
 A = Elapsed time spent in this place.
 B = Non-inter-level travel time spent in this place.
 C = Inter-level travel time spent in this place.
 D = Time resting spent in this place.
 E = Time spent auto-exploring this place.
 F = Levels seen in this place.
 G = Mean time per level.
                   A        B        C        D        E       F      G
               +--------+--------+--------+--------+--------+-----+--------+
         Total |   5829 |   5565 |    264 |    266 |   3587 |   9 |  647.7 |
       Dungeon |   5587 |   5343 |    244 |    266 |   3436 |   7 |  798.1 |
        Temple |     33 |     13 |     20 |      0 |      0 |   1 |   33.0 |
         Sewer |    208 |    208 |      0 |      0 |    151 |   1 |  208.0 |
               +--------+--------+--------+--------+--------+-----+--------+

Top non-repeatable levels by time:
     D:4: 1228 daAuts
     D:6: 1073 daAuts
     D:3: 982 daAuts
     D:1: 893 daAuts
     D:5: 809 daAuts
     D:2: 485 daAuts
   Sewer: 208 daAuts
     D:7: 116 daAuts
  Temple: 33 daAuts
